 Dungeon Crawl Stone Soup version 0.18-a0-1-gfac8111 (webtiles) character file.

331 Duffy the Skirmisher (level 6, 61/61 HPs)
             Began as a Naga Berserker on Oct 30, 2015.
             Was an Elder of Trog.
             Quit the game on level 4 of the Dungeon.
             The game lasted 00:05:01 (4901 turns).

Duffy the Skirmisher (Naga Berserker)               Turns: 4901, Time: 00:05:02

Health: 61/61      AC: 10    Str: 20    XL:     6   Next: 51%
Magic:  6/6        EV:  8    Int:  7    God:    Trog [****..]
Gold:   37         SH:  0    Dex: 12    Spells: 0 memorised, 5 levels left

rFire  . . .     SeeInvis +     a - +0 hand axe
rCold  + . .     Clarity  .     z - +2 scale mail {rC+}
rNeg   . . .     SustAt   +     (no shield)
rPois  +         Gourm    .     F - +2 hat
rElec  .         Spirit   .     o - +0 cloak
rCorr  .         Warding  .     (no gloves)
rMut   .         Stasis   .     (no barding)
MR     .....                    (no amulet)
Stlth  ..........               f - ring of sustain attributes
                                t - +1 ring of slaying (curse)

@: very slow, not resistant to hostile enchantments, extremely unstealthy
A: see invisible, deformed body, poison resistance, slowness 2, slow metabolism
1, spit poison 2, AC +2
a: Spit Poison, Berserk, Trog's Hand, Brothers in Arms, Burn Spellbooks,
Renounce Religion


You were on level 4 of the Dungeon.
You worshipped Trog.
Trog was greatly pleased with you.
You were hungry.

You visited 1 branch of the dungeon, and saw 4 of its levels.
You also visited: Sewer.

You collected 167 gold pieces.
You spent 130 gold pieces at shops.


Innate Abilities, Weirdness & Mutations

You cannot wear boots.
Your serpentine skin is tough (AC +2).
You have supernaturally acute eyesight.
Armour fits poorly on your strangely shaped body.
Your system is resistant to poisons.
You cover ground very slowly.
You have a slow metabolism.
You can spit poison.


   Skills:
 + Level 5.4 Fighting
 + Level 5.4 Axes
 - Level 1.5 Armour
 - Level 1.5 Dodging


You had 5 spell levels left.
You didn't know any spells.

Inventory:

Hand Weapons
 a - a +0 hand axe (weapon)
 s - a +0 blowgun
Missiles
 k - 175 stones (quivered)
 l - 6 steel javelins
 m - 7 poisoned needles
Armour
 b - a +0 animal skin
 j - a +0 ring mail
 o - a +0 cloak (worn)
 z - a +2 scale mail of cold resistance (worn)
 F - a +2 hat (worn)
 H - a +0 helmet of intelligence
Jewellery
 f - a ring of sustain attributes (right hand)
 t - a cursed +1 ring of slaying (left hand)
Wands
 y - a wand of invisibility (4)
 A - a wand of teleportation (0)
Scrolls
 g - a scroll of fear {unknown}
 i - 6 scrolls of teleportation
 q - a scroll of noise {unknown}
 r - a scroll of amnesia {unknown}
 w - 2 scrolls of enchant weapon {unknown}
 x - a scroll of enchant armour {unknown}
 C - a scroll of fog {unknown}
 D - a scroll of blinking {unknown}
 E - a scroll of identify
Potions
 e - 5 potions of curing
 h - 2 potions of lignification
 n - a potion of ambrosia
 p - 2 potions of agility
 u - 3 potions of flight
 v - 3 potions of brilliance {unknown}
 G - a potion of poison {unknown}
Comestibles
 c - 4 bread rations
 d - 2 fruits
 B - 2 meat rations

Dungeon Overview and Level Annotations

Branches:
Dungeon (4/15)
 Temple: D:4-7

Altars:
Trog

Shops:
D:4 [


Message History

Found a stone staircase leading up.
No target in view!
There is a stone staircase leading up here.
You climb upwards.
There is a stone staircase leading down here.
You climb downwards.
There is a stone staircase leading up here.
You see here 4 scrolls of random uselessness.
Found a stone staircase leading down.
Found Lechipot's Antique Armour Shoppe.
Found a bread ration.
c - 4 bread rations (gained 1)
There is an entrance to Lechipot's Antique Armour Shoppe here.
H - a glowing helmet Thank you for shopping at Lechipot's Antique Armour Shoppe!
Wear which item? (? for menu, Esc to quit)
You start removing your armour.
You continue taking off your +2 hat.
You continue taking off your +2 hat. x3
You finish taking off your +2 hat.
You start putting on your armour.
You continue putting on your glowing helmet. x5
You finish putting on your +0 helmet of intelligence.
You feel clever.
Wear which item? (? for menu, Esc to quit)
You start removing your armour.
You continue taking off your +0 helmet of intelligence. x4
You finish taking off your +0 helmet of intelligence.
You feel stupid.
You start putting on your armour.
You continue putting on your +2 hat.
You continue putting on your +2 hat. x4
You finish putting on your +2 hat.
Are you sure you want to abandon this character and quit the game? (Confirm with "yes".)
Okay, then.
Unknown command.
Are you sure you want to abandon this character and quit the game? (Confirm with "yes".)

######## #.#......#
#.#.##.#.#
#.#.#≈.≈.#
#.#.≈≈.≈≈#
#.#.≈≈@≈≈#.#
#.#.≈≈≈≈≈#.#
#######.#.#≈≈≈.#.#
..........####.#.#
########......#.#.#
................#.#
..
>###.#.#####.###.#
.#
#...........#.###.#
.#
#...#...###.#.#...#


There were no monsters in sight!

Action                   |  1- 3 |  4- 6 || total
-------------------------+-------+-------++-------
Melee: Hand axe          |   123 |   254 ||   377
Invok: Berserk           |     1 |     2 ||     3
 Abil: Spit Poison       |     1 |       ||     1
  Use: Scroll            |       |     5 ||     5
       Potion            |       |     2 ||     2
  Eat: Chunk             |     4 |     9 ||    13

Notes
Turn   | Place    | Note
--------------------------------------------------------------
     0 | D:1      | Duffy the Naga Berserker began the quest for the Orb.
     0 | D:1      | Reached XP level 1. HP: 21/21 MP: 1/1
   171 | D:2      | Reached XP level 2. HP: 25/28 MP: 2/2
   391 | D:2      | Reached XP level 3. HP: 29/34 MP: 3/3
  1019 | D:1      | Reached ** piety under Trog
  1851 | D:3      | Reached skill level 4 in Fighting
  2120 | D:2      | Reached XP level 4. HP: 42/44 MP: 4/4
  2284 | D:2      | Reached skill level 4 in Axes
  2741 | D:3      | Noticed Terence
  2779 | D:3      | Killed Terence
  3106 | D:3      | Reached XP level 5. HP: 51/51 MP: 5/5
  3109 | D:3      | Reached *** piety under Trog
  3241 | D:3      | Found a bloodstained altar of Trog.
  3769 | D:4      | Reached skill level 5 in Fighting
  3769 | D:4      | Reached skill level 5 in Axes
  3769 | D:4      | Reached XP level 6. HP: 61/61 MP: 6/6
  3798 | D:4      | Found a glowing drain.
  3824 | Sewer    | Entered a sewer
  4287 | Sewer    | Reached **** piety under Trog
  4865 | D:4      | Found Lechipot's Antique Armour Shoppe.
  4881 | D:4      | Bought a glowing helmet for 130 gold pieces
  4901 | D:4      | Quit the game

Vault maps used:
D:1:      shiori_arrival_maze
D:2:      forest_paths
D:3:      lightli_temple_of_fire, uniq_terence
D:4:      portal_sewer_entry_f, serial_shops, shop_scrolls,
          nicolae_shop_waterfront, first_bread, st_stairs_13, sigmund_army
Sewer:    sewer_fruit_machine

Vanquished Creatures
  A big kobold
  An orc wizard
  An orc priest Terence
  2 adders
  4 oozes
  5 worms
  6 giant geckos
  8 orcs
  3 ball pythons
  6 giant cockroaches
  8 goblins
  9 hobgoblins
  12 jackals
  2 quokkas
  17 bats
  8 giant newts
  9 kobolds
  5 rats
108 creatures vanquished.
